 Dungeon Crawl Stone Soup version 0.31-a0-1370-gf52a5a9ab3 (webtiles) character file.

Game seed: 16586554437213228479

50 croobank the Firebug (level 3, 0/26 HPs)
             Began as a Demigod Fire Elementalist on Dec 23, 2023.
             Constricted to death by a ball python (1 damage)
             ... on level 2 of the Dungeon.
             The game lasted 00:03:09 (1428 turns).

croobank the Firebug (Demigod Fire Elementalist)    Turns: 1428, Time: 00:03:09

Health: 0/26       AC:  2    Str:  9    XL:     3   Next: 35%
Magic:  8/8        EV:  9    Int: 21    God:
Gold:   70         SH:  0    Dex: 14    Spells: 0/6 levels left

rFire   . . .        e - +0 whip
rCold   . . .        (no shield)
rNeg    . . .        a - +0 robe
rPois   .            (helmet currently unavailable)
rElec   .            (cloak currently unavailable)
rCorr   .            (gloves currently unavailable)
SInv    .            (boots currently unavailable)
Will    .....        (no amulet)
Stlth   ++           (no ring)
HPRegen 0.24/turn    (no ring)
MPRegen 0.11/turn

%: no passive effects
@: beast-form, very slightly contaminated, constricted
A: beast (slay +0), high MP 1, forlorn, divine attributes
a: Begin Untransformation


You were on level 2 of the Dungeon.
You were a hulking beast.
You visited 1 branch of the dungeon, and saw 2 of its levels.

You collected 70 gold pieces.

Inventory:

Hand Weapons
 e - a +0 whip (weapon)
 l - a +0 trident
 n - a +0 sling
 o - a +0 dagger
Armour
 a - a +0 robe (worn)
 h - a +0 leather armour
Talismans
 m - a beast talisman (active)
Scrolls
 c - 3 scrolls of poison {unknown}
 g - a scroll of amnesia {unknown}
 j - a scroll of blinking {unknown}
Potions
 d - a potion of mutation {unknown}
 f - a potion of degeneration {unknown}
 i - a potion of lignification {unknown}
 k - a potion of heal wounds {unknown}


   Skills:
 + Level 2.2 Dodging
 + Level 2.3 Stealth
 + Level 2.1 Spellcasting
 + Level 1.4 Conjurations
 + Level 3.1 Fire Magic


You couldn't memorise any spells.
You knew the following spells:

 Your Spells              Type           Power      Damage    Failure   Level
a - Foxfire               Conj/Fire      44%        2x1d6     6%          1
b - Scorch                Fire           30%        2d6       6%          2
c - Inner Flame           Hex/Fire       8%         N/A       22%         3

Your spell library contained the following spells:

 Spells                   Type           Power      Damage    Failure   Level
 Volatile Blastmotes      Fire/Tloc      16%        2d11      22%         3
 Flame Wave               Conj/Fire      11%        2d6       50%         4


Dungeon Overview and Level Annotations

Branches:
Dungeon (2/15)


Innate Abilities, Weirdness & Mutations

You are a hulking beast.
Your limbs bulge with bestial killing power. (Slay +0)
You have an increased reservoir of magic. (+10% MP)
You shall have no god before yourself.
Your divine heritage dramatically boosts your attributes as you level up.


Message History

You are too injured to fight recklessly!
You are too injured to fight recklessly!
Casting: Scorch (safe; 6% risk of failure)
Confirm with . or Enter, or press ? or * to list all spells.
You don't know that spell.
You closely miss the ball python. The ball python bites you.
The ball python misses you.
You closely miss the ball python. The ball python bites you.
The ball python closely misses you. The ball python bites you.
The ball python barely misses you.
You barely miss the ball python. The ball python misses you.
The ball python closely misses you.
You closely miss the ball python.
The ball python bites you but does no damage.
The ball python grabs you. The ball python constricts you.
You barely miss the ball python. The ball python bites you.
* * * LOW HITPOINT WARNING * * *
The ball python constricts you. The ball python misses you.
The ball python constricts you.
Casting: Scorch (safe; 6% risk of failure)
Confirm with . or Enter, or press ? or * to list all spells.
You miscast Foxfire.
You are very lightly contaminated with residual magic.
Nothing appears to happen.
The ball python closely misses you. The ball python constricts you.
You closely miss the ball python. The ball python barely misses you.
The ball python constricts you.
You closely miss the ball python. The ball python bites you.
* * * LOW HITPOINT WARNING * * *
The ball python constricts you. The ball python bites you.
* * * LOW HITPOINT WARNING * * *
The ball python constricts you.
You hit the ball python.
The ball python is moderately wounded.
The ball python completely misses you. The ball python constricts you.
* * * LOW HITPOINT WARNING * * *
Magic courses through your body. The ball python bites you.
* * * LOW HITPOINT WARNING * * *
The ball python constricts you.
You die...

...########
..........#
..........#
..........+
..........# .##
..........# #. ..#
#....S†..#
#.###.###### #h#
#.#........#
#.#####.#........#
#>...##.#........#
##...............#
#..#.##.........#
#.###†#...##.....
##.#(#.##..'.....
#.#.###.#.##.....
#.##.#..#.##.....


You could see a ball python.

Vanquished Creatures
  2 gnolls (D:1)
  An adder (D:2)
  A dart slug (D:2)
  2 endoplasms
  3 giant cockroaches
  A goblin (D:2)
  3 jackals (D:2)
  2 ball pythons
  A bat (D:1)
  3 frilled lizards
  A kobold (D:2)
  3 rats
23 creatures vanquished.

Vanquished Creatures (collateral kills)
  3 foxfires (D:1)
3 creatures vanquished.

Vanquished Creatures (others)
  71 foxfires
71 creatures vanquished.

Grand Total: 97 creatures vanquished

Notes
Turn   | Place    | Note
-------+----------+-------------------------------------------
     0 | D:1      | croobank the Demigod Fire Elementalist began the quest for
                  | the Orb.
     0 | D:1      | Reached XP level 1. HP: 14/14 MP: 5/5
   215 | D:1      | Reached skill level 1 in Conjurations
   835 | D:1      | Reached XP level 2. HP: 17/20 MP: 0/7
   989 | D:1      | Reached skill level 3 in Fire Magic
   992 | D:1      | Learned a level 2 spell: Scorch
  1189 | D:2      | Reached XP level 3. HP: 26/26 MP: 3/8
  1193 | D:2      | Learned a level 3 spell: Inner Flame
  1309 | D:2      | Identified the +9 whip "Kumninar" {heavy, rC+ Int+2 Dex+2}
  1428 | D:2      | HP: 1/26 [ball python (3)]
  1428 | D:2      | Constricted to death by a ball python

Illustrated notes

Levels and vault maps discovered:
D:1:      wander_arrival_abandoned_jail, layout_rooms, serial_forest,
          infiniplex_forest_clump_long, infiniplex_forest_fountain,
          infiniplex_forest_lined_corner, infiniplex_forest_clump_small,
          infiniplex_forest_zigzag_1, minmay_misc_feat_ornament, chequers_garden
D:2:      layout_basic, st_stairs_4, minmay_tripent

Skill      XL: |  1  2 |
---------------+-------+-----
Conjurations   | 1 |  1.4
Stealth        | 2 |  2.3
Dodging        | 2 |  2.2
Spellcasting   | 2 |  2.1
Fire Magic     | 3 |  3.1

Action                     || total
---------------------------++-------
  Melee: Whip              ||    19
   Cast: Foxfire           ||    41
         Scorch            ||     9
    Use: Potion            ||     1
 Armour: Robe              ||    28
  Dodge: Dodged            ||    35
   Form: Beast             ||     1

Table legend: (Time is in decaauts)
 A = Elapsed time spent in this place.
 B = Non-inter-level travel time spent in this place.
 C = Inter-level travel time spent in this place.
 D = Time resting spent in this place.
 E = Time spent auto-exploring this place.
 F = Levels seen in this place.
 G = Mean time per level.
                   A        B        C        D        E       F      G
               +--------+--------+--------+--------+--------+-----+--------+
         Total |   1430 |   1398 |     32 |    489 |    685 |   2 |  715.0 |
       Dungeon |   1430 |   1398 |     32 |    489 |    685 |   2 |  715.0 |
               +--------+--------+--------+--------+--------+-----+--------+

Top non-repeatable levels by time:
     D:1: 1130 daAuts
     D:2: 300 daAuts
